General information
- name: grudge
- type: Ladder 1vs1/FFA
- host: evil_pengoon
- saver: BEAR_AND
map: GnollWood
- players: 5
- length: 06:58
- speed: Fast
- version: 1.21 W3XP
- replay type:

» download(46 KB)
Players
team 1 (winner)
Iceberg-Slim (
purple | 129 APM | 896 actions | 06:58)
3 Demon Hunter
2 Mana Burn
1 Evasion
» actions
| Assign group hotkey | 9 | |
| Basic commands | 54 | |
| Build / train | 23 | |
| Enter build submenu | 8 | |
| Enter hero's abilities submenu | 3 | |
| Remove unit from queue | 1 | |
| Right click | 572 | |
| Select / deselect | 137 | |
| Select group hotkey | 70 | |
| Use ability | 19 | |
896 total
» units
» buildings
| Altar of Elders | 1 | |
| Moon Well | 4 | |
| Hunter's Hall | 1 | |
| Ancient of War | 1 | |
| Ancient of Wonders | 1 | |
| Tree of Ages | 1 | |
9 total
» build order
00:04 Altar of Elders
00:19 Moon Well
01:50 Hunter's Hall
01:59 Ancient of War
02:16 Moon Well
02:24 Ancient of Wonders
03:20 Tree of Ages
03:22 Moon Well
04:47 Moon Well
» items
| Circlet of Nobility | 1 | |
| Boots of Speed | 1 | |
| Staff of Teleportation | 1 | |
3 total
team 2 (loser)

»
iggy_the_fisk (
orange | 131 APM | 910 actions | 06:57)
2 Archmage
1 Summon Water Elemental
1 Brilliance Aura
» actions
| Assign group hotkey | 132 | |
| Basic commands | 3 | |
| Build / train | 26 | |
| Enter build submenu | 16 | |
| Enter hero's abilities submenu | 2 | |
| Right click | 488 | |
| Select / deselect | 138 | |
| Select group hotkey | 79 | |
| Use ability | 26 | |
910 total
» units
» upgrades
» buildings
| Altar of Kings | 1 | |
| Barracks | 1 | |
| Farm | 3 | |
| Lumber Mill | 2 | |
| Scout Tower | 3 | |
| Town Hall | 1 | |
| Keep | 1 | |
| Arcane Tower | 1 | |
| Guard Tower | 1 | |
14 total
» build order
00:03 Altar of Kings
00:18 Barracks
00:26 Farm
01:00 Farm
01:36 Farm
03:05 Lumber Mill
03:28 Lumber Mill
03:59 Scout Tower
04:40 Town Hall
04:42 Keep
04:42 Arcane Tower
04:44 Scout Tower
04:48 Scout Tower
06:47 Guard Tower
refereesevil_pengoon,
BEAR_AND,
TIMG4Strok Chat log
(00:10 / All) BEAR_AND: All goon grudges @ http://highper.ch/
(00:50 / All) evil_pengoon: Ask about our exclusive highper.ch email accounts, available to those with 150+ apm and perfect manner ONLY
(01:05 / All) BEAR_AND: All inquiries to admin@highper.ch
(03:07 / All) evil_pengoon: God bless Aran Spellweaver and God bless our troops overseas.
(04:12 / Referees) TIMG4Strok: iggy refusing to tech
(04:20 / Referees) evil_pengoon: well if he brings out rifles
(04:21 / Referees) TIMG4Strok: guess you dont need fast tech vs elf
(04:22 / Referees) BEAR_AND: he's playing standard fexpo pro build
(04:22 / Referees) evil_pengoon: gg
(04:23 / Referees) evil_pengoon: no re
(04:31 / Referees) TIMG4Strok: listen, hey hey u
(04:43 / Referees) TIMG4Strok: i havent played this game in a long time,
(05:01 / Referees) TIMG4Strok: iggy"i got no wood" the fish
(05:05 / Referees) BEAR_AND: i ususally watch a replay while i cook & eat dinner
(05:10 / Referees) BEAR_AND: i consider myself "up 2 date"
(05:26 / Referees) TIMG4Strok: replays are for fuckin nerds
(05:39 / Referees) TIMG4Strok: its like being only obs in a obs game
(05:41 / Referees) TIMG4Strok: and obs not ref
(05:43 / Referees) TIMG4Strok: so you cant talk
(05:46 / Referees) TIMG4Strok: whats the point, so boring